 Dungeon Crawl Stone Soup version 0.26.0-10-g1f06aea511 (webtiles) character file.

Game seed: 13106923209447768726

495362 Borgoz the Wrestler (level 24, -2/228 HPs)
             Began as a Ghoul Gladiator on Jan 17, 2021.
             Was the Champion of Okawaru.
             Killed from afar by a hellion (29 damage)
             ... with damnation
             ... summoned by a deep elf demonologist
             ... on level 3 of the Elven Halls on Jan 18, 2021.
             The game lasted 01:44:27 (58423 turns).

Borgoz the Wrestler (Ghoul Gladiator)              Turns: 58423, Time: 01:44:28

Health: -2/228     AC: 37    Str: 25    XL:     24   Next: 81%
Magic:  24/25      EV: 22    Int:  5    God:    Okawaru [******]
Gold:   2871       SH: 16    Dex: 17    Spells: 20/23 levels left

rFire    + + +     SeeInvis +     - Unarmed
rCold    + + .     Faith    .   I - +0 kite shield {reflect} (curse)
rNeg     + + +     Spirit   .   i - +10 plate armour "Quvashre" {rF+ rC+}
rPois    ∞         Reflect  +   Q - +2 helmet {SInv}
rElec    +         Harm     .   k - scarf {rC+ rF+}
rCorr    +         Rampage  .   (no gloves)
Will     +....                  b - +1 pair of boots {run}
Stlth    ..........             l - amulet of Sloth {Acrobat +Blink rPois Dex-4 Slay+6}
HPRegen  0.00/turn              E - ring "Feabbex" {rElec rF+ rC- Int+2 Stlth+}
MPRegen  0.19/turn              x - ring "Yximu" {rCorr Str+4 Dex+3}

@: heroism, quick
A: claws 1, cold resistance 1, negative energy resistance 3, inhibited
regeneration, torment resistance, unbreathing
}: 3/15 runes: serpentine, barnacled, silver
a: Renounce Religion, Evoke Blink, Heroism, Finesse


You were on level 3 of the Elven Halls.
You worshipped Okawaru.
Okawaru was exalted by your worship.
You visited 8 branches of the dungeon, and saw 40 of its levels.
You visited the Abyss 2 times.
You also visited: Sewer, Gauntlet, Ice Cave, Wizlab and Desolation.

You collected 8717 gold pieces.
You spent 5846 gold pieces at shops.

Inventory:

Missiles
 a - 4 throwing nets (quivered)
Armour
 b - a +1 pair of boots of running (worn)
 i - the +10 plate armour "Quvashre" (worn) {rF+ rC+}
   (You found it on level 3 of the Lair of Beasts)

   It protects you from fire.
   It protects you from cold.
 k - a scarf of resistance (worn)
 I - a cursed +0 kite shield of reflection (worn)
 Q - a +2 helmet of see invisible (worn)
Jewellery
 l - the amulet of Sloth (around neck) {Acrobat +Blink rPois Dex-4 Slay+6}
   (You found it in a Gauntlet)

   [amulet of the acrobat]

   It helps you evade while moving and waiting.
   It affects your dexterity (-4).
   It affects your accuracy and damage with ranged weapons and melee attacks
   (+6).
   It protects you from poison.
   It lets you blink.
 x - the ring "Yximu" (right claw) {rCorr Str+4 Dex+3}
   (You bought it in a shop on level 2 of the Vaults)

   [ring of resist corrosion]

   It affects your strength (+4).
   It affects your dexterity (+3).
   It provides partial protection from all sources of acid and corrosion.
 E - the ring "Feabbex" (left claw) {rElec rF+ rC- Int+2 Stlth+}
   (You found it on level 4 of the Shoals)

   [ring of stealth]

   It affects your intelligence (+2).
   It protects you from fire.
   It makes you vulnerable to cold.
   It insulates you from electricity.
   It makes you more stealthy.
Wands
 c - a wand of disintegration (38)
 z - a wand of iceblast (52)
 A - a wand of digging (9)
 F - a wand of paralysis (77)
 L - a wand of flame (27)
 N - a wand of acid (44)
Scrolls
 d - 8 scrolls of remove curse
 g - a scroll of enchant weapon
 m - a scroll of torment
 r - 3 scrolls of summoning
 s - 7 scrolls of magic mapping
 t - 4 scrolls of blinking
 u - 7 scrolls of identify
 G - 6 scrolls of fear
 H - 27 scrolls of teleportation
 O - 5 scrolls of fog
Potions
 e - 7 potions of resistance
 f - a potion of heal wounds
 h - 14 potions of might
 n - 5 potions of haste
 p - 18 potions of curing
 q - 5 potions of cancellation
 K - a potion of invisibility


   Skills:
 + Level 21.2(26.2) Fighting
 - Level 0.4(5.4) Long Blades
 - Level 1.7(6.7) Throwing
 + Level 17.7(22.7) Armour
 + Level 18.5(23.5) Dodging
 + Level 13.3(18.3) Shields
 + Level 21.9(26.9) Unarmed Combat
 - Level 5.0 Invocations


You had 20 spell levels left.
You knew the following spells:

 Your Spells              Type           Power        Failure   Level
a - Confusing Touch       Hex            0%           100%        3

Your spell library contained the following spells:

 Spells                   Type           Power        Failure   Level
 Corona                   Hex            0%           93%         1
 Foxfire                  Conj/Fire      0%           93%         1
 Freeze                   Ice            0%           93%         1
 Magic Dart               Conj           0%           93%         1
 Pain                     Necr           0%           93%         1
 Sandblast                Erth           0%           93%         1
 Sting                    Tmut/Pois      0%           93%         1
 Summon Small Mammal      Summ           0%           93%         1
 Call Imp                 Summ           0%           98%         2
 Passwall                 Tmut/Erth      0%           98%         2
 Poisonous Vapours        Pois/Air       0%           98%         2
 Searing Ray              Conj           0%           98%         2
 Call Canine Familiar     Summ           0%           100%        3
 Conjure Flame            Conj/Fire      0%           100%        3
 Dazzling Flash           Conj/Hex       0%           100%        3
 Frozen Ramparts          Ice            0%           100%        3
 Gell's Gravitas          Tloc           0%           100%        3
 Ignite Poison            Fire/Tmut/Pois 0%           100%        3
 Inner Flame              Hex/Fire       0%           100%        3
 Mephitic Cloud           Conj/Pois/Air  0%           100%        3
 Ozocubu's Armour         Ice            0%           100%        3
 Static Discharge         Conj/Air       0%           100%        3
 Stone Arrow              Conj/Erth      0%           100%        3
 Summon Guardian Golem    Hex/Summ       0%           100%        3
 Animate Dead             Necr           0%           100%        4
 Cause Fear               Hex            0%           100%        4
 Fulminant Prism          Conj/Hex       0%           100%        4
 Hailstorm                Conj/Ice       0%           100%        4
 Iskenderun's Mystic Bla  Conj/Tloc      0%           100%        4
 Leda's Liquefaction      Hex/Erth       0%           100%        4
 Olgreb's Toxic Radiance  Pois           0%           100%        4
 Petrify                  Tmut/Erth      0%           100%        4
 Sticky Flame             Conj/Fire      0%           100%        4
 Summon Ice Beast         Ice/Summ       0%           100%        4
 Summon Lightning Spire   Summ/Air       0%           100%        4
 Bolt of Magma            Conj/Fire/Erth 0%           100%        5
 Borgnjor's Vile Clutch   Necr/Erth      0%           100%        5
 Fireball                 Conj/Fire      0%           100%        5
 Lee's Rapid Deconstruct  Erth           0%           100%        5
 Lightning Bolt           Conj/Air       0%           100%        5
 Metabolic Englaciation   Hex/Ice        0%           100%        5
 Silence                  Hex/Air        0%           100%        5
 Summon Forest            Summ/Tloc      0%           100%        5
 Yara's Violent Unravell  Hex/Tmut       0%           100%        5
 Conjure Ball Lightning   Conj/Air       0%           100%        6
 Death Channel            Necr           0%           100%        6
 Freezing Cloud           Conj/Ice/Air   0%           100%        6
 Iron Shot                Conj/Erth      0%           100%        6
 Simulacrum               Ice/Necr       0%           100%        6
 Haunt                    Necr/Summ      0%           100%        7
 Summon Hydra             Summ           0%           100%        7
 Discord                  Hex            0%           100%        8
 Ignition                 Fire           0%           100%        8
 Infestation              Necr           0%           100%        8
 Dragon's Call            Summ           0%           100%        9
 Shatter                  Erth           0%           100%        9
 Tornado                  Air            0%           100%        9
 Beastly Appendage        Tmut           Unusable     N/A         1
 Spider Form              Tmut/Pois      Unusable     N/A         3
 Statue Form              Tmut/Erth      Unusable     N/A         6
 Dragon Form              Tmut           Unusable     N/A         7
 Borgnjor's Revivificati  Necr           Unusable     N/A         8
 Necromutation            Tmut/Necr      Unusable     N/A         8
 Death's Door             Necr           Unusable     N/A         9

Dungeon Overview and Level Annotations

Branches:
Dungeon (15/15)            Temple (1/1) D:7            Lair (6/6) D:8
 Shoals (4/4) Lair:3        Snake (4/4) Lair:3        Slime (0/5) Lair:5
    Orc (2/2) D:11            Elf (3/3) Orc:2        Vaults (5/5) D:13
  Crypt (0/3) Vaults:3     Depths (0/5) D:15          Sewer (visited)
  IceCv (visited)          WizLab (visited)         Desolation (visited)
Gauntlet (visited)

Altars:
Ashenzari
Cheibriados
Dithmenos
Elyvilon
Fedhas
Gozag
Hepliaklqana
Kikubaaqudgha
Makhleb
Nemelex Xobeh
Okawaru
Qazlal
Ru
Sif Muna
Trog
Uskayaw
Vehumet
Wu Jian
Xom
Yredelemnul
Zin
The Shining One
Beogh
Jiyva
Lugonu

Shops:
D:13 }   D:14 *   Orc:1 !:*((   Orc:2 =[!:?   Elf:1 :   Elf:2 [   Shoals:3 *
Snake:1 ?   Snake:3 ?[   Vaults:1 [   Vaults:2 *   Vaults:3 =   Vaults:5 *

Portals:
Hell: Lair:6
Abyss: Snake:1
Pandemonium: Orc:2
Trove: D:10 (show slimy rune of Zot)


Innate Abilities, Weirdness & Mutations

You thrive by killing the living.
You are immune to poison.
You have sharp fingernails.
Your flesh is cold resistant. (rC+)
You are immune to negative energy. (rN+++)
You do not regenerate when monsters are visible.
You are immune to unholy pain and torment.
You can survive without breathing.


Message History

* * * LOW HITPOINT WARNING * * *
The damnation engulfs the ice devil!!
The damnation engulfs the Tzitzimitl!
Items here: ( ))) †.
You scratch the Tzitzimitl but do no damage.
The Tzitzimitl is lightly wounded.
The deep elf annihilator gestures wildly while chanting.
The deep elf annihilator blinks!
You block the ice devil's attack. The Ice Fiend gestures at you.
The bolt of cold hits the ice devil.
The ice devil completely resists.
The bolt of cold hits you! You resist.
* * * LOW HITPOINT WARNING * * *
The Tzitzimitl closely misses you.
The Tzitzimitl bites you but does no damage.
You claw the Tzitzimitl!
The Tzitzimitl is moderately wounded.
You eviscerate the Tzitzimitl!!!
The Tzitzimitl is severely wounded.
The hellion gestures at you.
The sphere of damnation explodes!
The damnation engulfs you!!
You die...

###############
###..........(..####
..........(.##.....###
.....................#
..#...#####...)))#
.###..# ####))@#
###...# ###e1ee...#
##....# 4144#...#
##...## ...2..# .#
#....# .....#..#
.....# ##....#..#
....## ##...# ..#
....# #.... ..# ...##


You could see a Tzitzimitl (summoned), an Ice Fiend (summoned), a deep elf
annihilator (empowered), a deep elf sorcerer (fast), a deep elf demonologist
(empowered), an ice devil (summoned), 2 rust devils and a hellion (summoned).

Vanquished Creatures
  An ancient lich (Vaults:5)
  Saint Roka (Orc:2)
  Nikola (Elf:2)
  A Hellbinder (WizLab)
  A golden dragon (Vaults:5)
  Jorgrun (Orc:1)
  3 liches (Vaults:5)
  5 titans (Vaults:5)
  2 tentacled monstrosities
  An acid blob (shapeshifter) (Vaults:2)
  Frances (Snake:2)
  A kraken (Shoals:2)
  3 sphinxes
  Donald (Shoals:4)
  A shadow dragon (Vaults:5)
  10 nagarajas
  4 storm dragons
  7 fire giants
  5 tengu reavers
  Roxanne (Elf:3)
  5 frost giants
  2 balrugs (WizLab)
  4 deep elf sorcerers
  4 imperial myrmidons (Desolation)
  18 vault wardens
  An orc warlord (Elf:2)
  Louise (Shoals:1)
  3 deep elf elementalists (Elf:3)
  2 ghouls
  5 very ugly things
  9 ironheart preservers
  2 war gargoyles (Vaults:5)
  10 stone giants
  2 lorocyprocas (WizLab)
  6 deep elf annihilators
  2 halazid warlocks (Desolation)
  A black draconian (Abyss:2)
  3 deep elf demonologists
  A minotaur (Gauntlet)
  A blizzard demon (WizLab)
  The ghost of Zimaveycw the Spear-Bearer, a journeyman OpFi of Cheibriados (Lair:5)
  8 ettins
  An eleionoma (shapeshifter) (Vaults:5)
  3 merfolk javelineers
  3 deep elf death magi
  A fire dragon (Vaults:4)
  13 merfolk impalers
  2 crystal guardians (Desolation)
  A quicksilver dragon zombie (D:15)
  5 deep elf high priests
  3 ragged hierophants (Desolation)
  A green death (WizLab)
  11 yaktaur captains
  6 servants of whispers (Desolation)
  3 great orbs of eyes
  9 boulder beetles
  3 ice dragons
  6 peacekeepers (Desolation)
  12 hydras
  9 centaur warriors
  38 vault guards
  11 naga warriors
  13 anacondas
  2 death knights
  28 dancing weapons
  3 merfolk avatars
  2 merfolk aquamancers (Shoals:3)
  A satyr (Shoals:4)
  8 ogre magi
  7 death yaks
  32 two-headed ogres
  2 alligator snapping turtles (Shoals:4)
  A deep troll shaman (Vaults:1)
  A vampire mage (D:15)
  2 deep troll earth magi (Vaults:1)
  3 tengu warriors (D:12)
  8 shock serpents
  6 orc high priests
  17 naga sharpshooters
  A sun demon (Lair:6)
  19 deep elf knights
  Sonja (Lair:1)
  A storm dragon skeleton (D:15)
  19 slime creatures
  2 salamander mystics
  A deep troll (shapeshifter) (D:12)
  17 skeletal warriors
  2 sixfirhies
  2 unseen horrors
  A flayed ghost (Vaults:5)
  A glowing orange brain (shapeshifter) (Vaults:5)
  A shadow demon (WizLab)
  6 deep trolls
  2 wizards
  23 sea snakes
  A glowing orange brain (Vaults:1)
  A torturous demonspawn (Orc:2)
  An infernal demonspawn (Orc:2)
  An orange crystal statue (Gauntlet)
  A lindwurm (Lair:6)
  A phantasmal warrior (Vaults:5)
  4 wolf spider zombies
  20 harpies
  17 deep elf archers
  Pikel (D:4)
  6 mana vipers
  3 necromancers
  An orb spider (shapeshifter) (Vaults:1)
  20 ironbrand convokers
  The ghost of Dracia the Insei, a novice DsVM (D:6)
  60 deep elf magi
  8 orc sorcerers
  4 naga ritualists
  A wolf spider (Vaults:2)
  5 fauns
  19 orc knights
  A spectral centaur (D:14)
  13 elephants
  19 ugly things
  2 frost giant skeletons
  A mana viper (shapeshifter) (Vaults:4)
  15 salamanders
  4 cyclopes
  5 centaur zombies
  12 water nymphs
  A black mamba (shapeshifter) (Vaults:1)
  12 manticores
  11 merfolk sirens
  8 vault sentinels
  4 torpor snails
  14 guardian serpents
  39 black mambas
  Maggie (D:9)
  A rust devil (WizLab)
  3 gargoyles
  13 naga magi
  12 cane toads
  3 smoke demons (WizLab)
  An ice statue (IceCv)
  6 orange demons
  10 komodo dragons
  A komodo dragon (shapeshifter) (Vaults:3)
  10 rime drakes
  12 freezing wraiths
  2 hellions (WizLab)
  47 yaktaurs
  A tengu conjurer (D:12)
  6 ice devils
  6 hellwings
  A tormentor (WizLab)
  An ancient zyme (Abyss:2)
  7 trolls
  A wolf spider simulacrum (D:12)
  9 wind drakes
  A red devil (Lair:6)
  Prince Ribbit (D:5)
  A harpy zombie (D:14)
  16 polar bears
  A wind drake (shapeshifter) (Vaults:3)
  A raiju (shapeshifter) (Elf:2)
  26 merfolk
  6 hornets
  31 blink frogs
  40 saltlings (Desolation)
  A blink frog (shapeshifter) (Vaults:5)
  13 dream sheep
  A fire dragon zombie (D:15)
  13 snapping turtles
  A human simulacrum (Vaults:4)
  A meliai zombie (D:9)
  20 flying skulls (D:12)
  A shadow (D:12)
  16 water elementals
  2 vampires
  4 wraiths
  2 fire elementals
  72 yaks
  A yak (shapeshifter) (Vaults:2)
  7 wyverns
  2 basilisks
  A chaos spawn (WizLab)
  A steam dragon (D:14)
  A yaktaur simulacrum (Vaults:2)
  3 vampire mosquitoes (D:15)
  5 neqoxecs
  3 wargs
  Edmund (D:5)
  2 small abominations
  56 nagas
  2 swamp worms (Gauntlet)
  A swamp worm (shapeshifter) (Vaults:5)
  A soldier ant (D:12)
  4 acid dragons
  4 hell hounds (Lair:6)
  13 water moccasins
  A swamp drake (shapeshifter) (Vaults:4)
  2 sky beasts (D:11)
  2 necrophages
  11 ice beasts
  45 orc warriors
  2 black bears (Lair:2)
  A phantom (D:8)
  15 ogres
  A tengu (shapeshifter) (Elf:2)
  5 boggarts
  A human skeleton (Vaults:4)
  An eye of draining (D:8)
  A boggart (shapeshifter) (Vaults:3)
  30 wolves
  A lemure (D:4)
  11 centaurs
  23 bullfrogs
  13 big kobolds
  A gnoll sergeant (D:7)
  An ogre simulacrum (Vaults:1)
  4 earth elementals
  A wyvern skeleton (D:7)
  3 scorpions
  10 killer bees
  6 electric eels
  3 wights (D:13)
  4 crimson imps (D:4)
  7 hounds
  2 jellies
  2 quasits
  A bullfrog skeleton (D:12)
  5 centaur skeletons
  34 orc priests
  Crazy Yiuf (D:4)
  A gnoll shaman (D:4)
  24 orc wizards
  4 iguanas
  4 hell rats (Lair:6)
  14 worker ants
  Ijyb (D:5)
  A killer bee zombie (D:5)
  2 hound zombies
  A worker ant zombie (D:5)
  7 gnolls
  15 adders
  11 river rats
  8 shadow imps
  4 white imps
  3 ufetubi
  An ooze (Sewer)
  2 adder zombies
  2 worms
  A dart slug (D:2)
  8 leopard geckos
  95 orcs
  7 ball pythons
  6 giant cockroaches
  3 goblins
  7 hobgoblins
  19 jackals
  3 quokkas
  5 bats
  8 frilled lizards
  38 kobolds
  34 rats
  A tentacle (Shoals:2)
1979 creatures vanquished.

Vanquished Creatures (others)
  A blood saint (WizLab)
  A cacodemon (WizLab)
  A deep elf demonologist (Elf:3)
  A deep elf death mage (Elf:3)
  A ragged hierophant (Desolation)
  A deep elf high priest (Elf:3)
  A hell beast (WizLab)
  A dancing weapon (Elf:3)
  2 merfolk aquamancers (Shoals:4)
  A sixfirhy (WizLab)
  An unseen horror (D:10)
  A naga ritualist (Snake:3)
  A deep elf mage (Elf:2)
  2 orange demons (WizLab)
  A polar bear (IceCv)
  A ynoxinul (WizLab)
  A naga (Snake:4)
  An acid dragon (D:12)
  A bullfrog (Lair:5)
  28 fungi
  A lurking horror (Snake:1)
  A pillar of salt (Vaults:4)
  112 plants
  6 tentacles
  4 withered plants
173 creatures vanquished.

Grand Total: 2152 creatures vanquished

Notes
Turn   | Place    | Note
-------+----------+-------------------------------------------
     0 | D:1      | Borgoz the Ghoul Gladiator began the quest for the Orb.
     0 | D:1      | Reached XP level 1. HP: 17/17 MP: 0/0
   118 | D:1      | Reached XP level 2. HP: 25/25 MP: 1/1
   703 | D:2      | Reached XP level 3. HP: 12/30 MP: 2/2
  1803 | D:3      | Noticed a big kobold
  1804 | D:3      | Noticed a big kobold
  1873 | D:3      | Reached XP level 4. HP: 12/37 MP: 3/3
  2154 | D:3      | Found a shimmering blue altar of Sif Muna.
  2281 | D:4      | Found a hazy altar of Hepliaklqana.
  2318 | D:4      | Reached XP level 5. HP: 26/45 MP: 4/4
  2319 | D:4      | Found a stormy altar of Qazlal.
  2331 | D:4      | Reached skill level 5 in Unarmed Combat
  2358 | D:4      | Found a glowing drain.
  2484 | Sewer    | Entered a sewer
  2964 | Sewer    | Reached XP level 6. HP: 47/52 MP: 5/5
  3377 | D:4      | Noticed Pikel
  3404 | D:4      | Killed Pikel
  3405 | D:4      | Reached skill level 5 in Fighting
  3405 | D:4      | Reached XP level 7. HP: 48/61 MP: 6/6
  3498 | D:4      | Found a runed translucent door.
  3499 | D:4      | Noticed Crazy Yiuf
  3627 | D:4      | Found a shimmering altar of Xom.
  3642 | D:4      | Reached XP level 8. HP: 65/68 MP: 7/7
  3790 | D:3      | Reached skill level 5 in Dodging
  4191 | D:4      | Killed Crazy Yiuf
  4244 | D:5      | Entered Level 5 of the Dungeon
  4250 | D:5      | Noticed Ijyb
  4263 | D:5      | Killed Ijyb
  4327 | D:5      | Found a shadowy altar of Dithmenos.
  4338 | D:5      | Noticed Edmund
  4370 | D:5      | Killed Edmund
  4626 | D:5      | Noticed a troll
  4649 | D:5      | Noticed Prince Ribbit
  4676 | D:5      | Killed a troll
  4677 | D:5      | Reached XP level 9. HP: 43/78 MP: 8/8
  4682 | D:5      | Killed Prince Ribbit
  4882 | D:5      | Found a sparkling altar of Nemelex Xobeh.
  4988 | D:5      | Found a glowing golden altar of the Shining One.
  5185 | D:5      | Found a broken altar of Ashenzari.
  5185 | D:5      | Found an ancient bone altar of Kikubaaqudgha.
  5186 | D:5      | Found a basalt altar of Yredelemnul.
  5303 | D:6      | Found a runed translucent gate.
  5332 | D:6      | Reached skill level 1 in Shields
  5357 | D:6      | Reached skill level 1 in Armour
  5357 | D:6      | Reached skill level 10 in Unarmed Combat
  5573 | D:6      | Found a runed translucent gate.
  5574 | D:6      | Found a runed translucent gate.
  5575 | D:6      | Noticed Dracia's ghost (novice DsVM)
  5848 | D:7      | Found a staircase to the Ecumenical Temple.
  5857 | Temple   | Entered the Ecumenical Temple
  6248 | Temple   | Became a worshipper of Warmaster Okawaru
  6398 | D:7      | Found a snail-covered altar of Cheibriados.
  6742 | D:7      | Reached skill level 1 in Invocations
  7137 | D:8      | Reached XP level 10. HP: 86/86 MP: 10/10
  7169 | D:8      | Reached * piety under Okawaru
  7450 | D:8      | Found a staircase to the Lair.
  8017 | D:9      | Got a transparent great sword
  8023 | D:9      | Identified the +5 great sword of Fuzobb {speed, rElec rN+
                  | Will+} (You found it on level 9 of the Dungeon)
  8180 | D:9      | Found a shimmering blue altar of Sif Muna.
  8190 | D:9      | Got a polished leather armour
  8201 | D:9      | Identified the +0 leather armour "Riluiwab" {rCorr Str-5
                  | Int+6 Stlth+} (You found it on level 9 of the Dungeon)
  8235 | D:9      | Identified Sif Muna's Catalogue of Curses
  8368 | D:9      | Noticed Maggie
  8389 | D:9      | Killed Maggie
  8890 | D:9      | Reached ** piety under Okawaru
  8920 | D:9      | Reached *** piety under Okawaru
  8925 | D:9      | Reached XP level 11. HP: 29/95 MP: 10/13
  9266 | D:9      | Reached **** piety under Okawaru
  9570 | D:10     | Entered Level 10 of the Dungeon
  9888 | D:10     | Killed an unseen horror
  9889 | D:10     | Reached skill level 5 in Invocations
 10057 | D:10     | Noticed a brown ugly thing
 10071 | D:10     | Killed a brown ugly thing
 10484 | D:10     | Found a portal to a secret trove of treasure.
 10576 | D:11     | Noticed a seven-headed hydra
 10586 | D:11     | Killed a seven-headed hydra
 10587 | D:11     | Reached skill level 5 in Armour
 10587 | D:11     | Reached skill level 5 in Shields
 10640 | D:11     | Noticed a brown ugly thing
 10656 | D:11     | Killed a brown ugly thing
 10833 | D:11     | Found a snail-covered altar of Cheibriados.
 10968 | D:11     | Found a roughly hewn altar of Beogh.
 10968 | D:11     | Found a staircase to the Orcish Mines.
 10976 | D:11     | Noticed an orc knight
 10977 | D:11     | Noticed an orc knight
 11287 | D:9      | Killed an orc knight
 11506 | D:10     | Killed an orc knight
 11850 | D:11     | Noticed a two-headed ogre
 11861 | D:11     | Killed a two-headed ogre
 11861 | D:11     | Reached ***** piety under Okawaru
 11862 | D:11     | Reached XP level 12. HP: 106/106 MP: 11/14
 11936 | D:11     | Reached skill level 10 in Fighting
 12776 | D:12     | Noticed a six-headed hydra
 12795 | D:12     | Killed a six-headed hydra
 13234 | D:12     | Noticed a tengu warrior
 13247 | D:12     | Killed a tengu warrior
 13268 | D:12     | Found the +3 giant club "Skullcrusher" {speed, Str+7}
 13278 | D:12     | Learned a level 3 spell: Confusing Touch
 13590 | D:12     | Reached ****** piety under Okawaru
 13591 | D:12     | Reached XP level 13. HP: 116/116 MP: 15/15
 13971 | D:12     | Reached skill level 10 in Dodging
 14301 | D:13     | Found Wonako's Gadget Emporium.
 14636 | D:13     | Noticed a vault guard
 14636 | D:13     | Noticed a vault guard
 14637 | D:13     | Found a gate to the Vaults.
 14637 | D:13     | Noticed a vault guard
 14637 | D:13     | Noticed a vault guard
 14637 | D:13     | Noticed a vault guard
 14637 | D:13     | Noticed a vault guard
 14638 | D:13     | Noticed a vault guard
 14638 | D:13     | Noticed a vault guard
 14653 | D:13     | Killed a vault guard
 14662 | D:13     | Killed a vault guard
 14663 | D:13     | Killed a vault guard
 14663 | D:13     | Received a gift from Okawaru
 14663 | D:13     | Killed a vault guard
 14665 | D:13     | Killed a vault guard
 14670 | D:13     | Killed a vault guard
 14675 | D:13     | Killed a vault guard
 14685 | D:13     | Killed a vault guard
 14704 | D:13     | Got a shimmering hat {god gift}
 14815 | D:13     | Identified the +1 hat of Ennui {rPois Int-3 Dex+4} (Okawaru
                  | gifted it to you on level 13 of the Dungeon)
 14815 | D:13     | Lost intelligence.
 15396 | D:14     | Reached XP level 14. HP: 57/127 MP: 16/16
 15752 | D:14     | Found Mynum's General Store.
 15777 | D:14     | Bought a scroll of identify for 26 gold pieces
 16595 | D:15     | Entered Level 15 of the Dungeon
 16957 | D:15     | Noticed a ghoul
 16972 | D:15     | Killed a ghoul
 17260 | D:15     | Received a gift from Okawaru
 17261 | D:15     | Got a brightly glowing plate armour {god gift}
 17534 | D:15     | Found a staircase to the Depths.
 17723 | D:15     | Identified the +10 plate armour of Rozaco {rF+ MP+9}
                  | (Okawaru gifted it to you on level 15 of the Dungeon)
 18252 | D:6      | Killed Dracia's ghost
 18385 | Lair:1   | Entered Level 1 of the Lair of Beasts
 18415 | Lair:1   | Reached skill level 10 in Armour
 18465 | Lair:1   | Noticed Sonja
 18482 | Lair:1   | Paralysed by Sonja for 4 turns
 18492 | Lair:1   | Killed Sonja
 18766 | Lair:1   | Identified a scroll of acquirement
 18767 | Lair:1   | Acquired the ring "Gufrolyl" {Str+6 Dex+4}
 20099 | Lair:2   | Reached XP level 15. HP: 136/136 MP: 17/17
 20383 | Lair:3   | Got a masterwork plate armour
 20394 | Lair:3   | Identified the +10 plate armour "Quvashre" {rF+ rC+} (You
                  | found it on level 3 of the Lair of Beasts)
 20571 | Lair:3   | Reached skill level 15 in Unarmed Combat
 20780 | Lair:3   | Received a gift from Okawaru
 21024 | Lair:3   | Found a staircase to the Snake Pit.
 21043 | Lair:3   | Found a staircase to the Shoals.
 21621 | Lair:4   | Received a gift from Okawaru
 21623 | Lair:4   | Found a frozen archway.
 21633 | IceCv    | Entered an ice cave
 21875 | IceCv    | Received a gift from Okawaru
 21962 | IceCv    | Noticed a frost giant
 21977 | IceCv    | Killed a frost giant
 21977 | IceCv    | Received a gift from Okawaru
 21993 | IceCv    | Got a shimmering ring mail {god gift}
 22053 | IceCv    | Got a warped great sword
 22238 | Lair:4   | Identified the +9 great sword of the Singing Wolf {pain,
                  | rN+ Will+} (You found it in an ice cave)
 22239 | Lair:4   | Identified the +3 ring mail of Boonoij {*Contam Harm Str+4
                  | Int+9} (Okawaru gifted it to you in an ice cave)
 23021 | Lair:4   | Lost intelligence.
 23656 | Lair:5   | Found a runed translucent door.
 23656 | Lair:5   | Found a shimmering altar of Xom.
 23656 | Lair:5   | Identified the +6 rapier "Arcanum" {chaos, *Contam rPois
                  | rN+ Str+4}
 23658 | Lair:5   | Noticed Zimaveycw's ghost (journeyman OpFi)
 23715 | Lair:5   | Reached XP level 16. HP: 135/147 MP: 18/18
 23854 | Lair:5   | Found a gate leading to a gauntlet.
 23871 | Gauntlet | Entered a Gauntlet
 23871 | Gauntlet | Found a transporter.
 23871 | Gauntlet | Found a transporter.
 23889 | Gauntlet | Found a transporter.
 23902 | Gauntlet | Found a transporter.
 23902 | Gauntlet | Found a transporter.
 23902 | Gauntlet | Found a transporter.
 23904 | Gauntlet | Found a transporter.
 23904 | Gauntlet | Found a transporter.
 23908 | Gauntlet | Found a runed translucent door.
 23917 | Gauntlet | Found a transporter.
 23933 | Gauntlet | Found a transporter.
 23935 | Gauntlet | Found a runed translucent door.
 23936 | Gauntlet | Found the +5 scythe "Finisher" {speed, eviscerate}
 23943 | Gauntlet | Found a transporter.
 23957 | Gauntlet | Found a transporter.
 23977 | Gauntlet | Found a transporter.
 23990 | Gauntlet | Found a transporter.
 24076 | Gauntlet | Received a gift from Okawaru
 24147 | Gauntlet | Got a shimmering zirconium amulet
 24151 | Gauntlet | Identified the amulet of Sloth {Acrobat +Blink rPois Dex-4
                  | Slay+6} (You found it in a Gauntlet)
 24323 | Lair:5   | Found a viscous altar of Jiyva.
 24323 | Lair:5   | Found a staircase to the Slime Pits.
 24831 | Lair:5   | Killed Zimaveycw's ghost
 24864 | Lair:6   | Entered Level 6 of the Lair of Beasts
 24909 | Lair:6   | Reached skill level 15 in Fighting
 25136 | Lair:6   | Received a gift from Okawaru
 25781 | Lair:6   | Found a burning altar of Makhleb.
 25835 | Lair:6   | Received a gift from Okawaru
 25846 | Lair:6   | Found a gateway to Hell.
 26055 | Lair:5   | Got a crystal fustibalus
 26241 | D:11     | Got a tiger eye-encrusted chain mail
 26340 | Lair:1   | Identified the +3 chain mail of Forking Paths {rC+ rCorr
                  | Str+2} (You found it on level 11 of the Dungeon)
 26466 | Orc:1    | Entered Level 1 of the Orcish Mines
 26466 | Orc:1    | Noticed Jorgrun
 26473 | Orc:1    | Killed Jorgrun
 26490 | Orc:1    | Found Ubauth's Assorted Antiques.
 26558 | Orc:1    | Found Koac's Book Boutique.
 26671 | Orc:1    | Bought a scroll of teleportation for 75 gold pieces
 26671 | Orc:1    | Bought 2 potions of heal wounds for 250 gold pieces
 26671 | Orc:1    | Bought a potion of resistance for 250 gold pieces
 26707 | Orc:1    | You are sucked into a shaft and drop 1 floor!
 26707 | Orc:2    | Entered Level 2 of the Orcish Mines
 26710 | Orc:2    | Lost intelligence.
 26869 | Orc:1    | Found Tenetz's Antique Weapon Shop.
 26930 | Orc:1    | Found Niugodwa's Distillery.
 26996 | Orc:1    | Bought a potion of might for 48 gold pieces
 26996 | Orc:1    | Bought a potion of haste for 120 gold pieces
 27104 | Orc:1    | Found Ytwiess's Weapon Shoppe.
 27130 | Orc:2    | Found Raopn's Jewellery Emporium.
 27134 | Orc:2    | Bought the ring "Setioch" {*Corrode Str+4 Int+4 Dex+6} for
                  | 1073 gold pieces
 27213 | Orc:2    | Found Intiol's Distillery.
 27247 | Orc:2    | Found Pylem's Magic Scroll Shop.
 27348 | Orc:2    | Found a staircase to the Elven Halls.
 27348 | Orc:2    | Noticed Saint Roka
 27693 | Orc:2    | Bought a scroll of acquirement for 676 gold pieces
 27693 | Orc:2    | Bought a scroll of magic mapping for 45 gold pieces
 27695 | Orc:2    | Acquired 1083 gold pieces
 27738 | Orc:2    | Killed Saint Roka
 27738 | Orc:2    | Received a gift from Okawaru
 27741 | Orc:2    | Reached XP level 17. HP: 83/156 MP: 17/19
 28063 | Orc:2    | Paralysed by an orc sorcerer for 5 turns
 28074 | Orc:2    | Paralysed by an orc sorcerer for 7 turns
 28190 | Orc:2    | Found Olaivihu's Book Emporium.
 28190 | Orc:2    | Found Hiercho's Antique Armour Shoppe.
 28191 | Orc:2    | Found a one-way gate leading to the halls of Pandemonium.
 28217 | Orc:2    | Bought a pitted plate armour for 784 gold pieces
 28217 | Orc:2    | Identified the +6 plate armour of Tadwuss {rPois Int+3
                  | Stlth-} (You bought it in a shop on level 2 of the Orcish
                  | Mines)
 28385 | Orc:2    | Bought a potion of heal wounds for 50 gold pieces
 28385 | Orc:2    | Bought a potion of haste for 100 gold pieces
 28385 | Orc:2    | Bought a potion of ambrosia for 80 gold pieces
 28385 | Orc:2    | Bought a potion of might for 40 gold pieces
 28414 | Orc:2    | Bought a pair of embroidered boots for 210 gold pieces
 28987 | Shoals:1 | Entered Level 1 of the Shoals
 29164 | Shoals:1 | Noticed Louise
 29181 | Shoals:1 | Killed Louise
 29594 | Shoals:1 | Found a runed translucent door.
 30259 | Shoals:2 | Noticed a kraken
 30274 | Shoals:2 | Killed a kraken
 30274 | Shoals:2 | Received a gift from Okawaru
 30275 | Shoals:2 | Got a heavily runed buckler {god gift}
 30276 | Shoals:2 | Identified the +0 buckler "Heipt" {rF+ Int+2} (Okawaru
                  | gifted it to you on level 2 of the Shoals)
 31347 | Shoals:3 | Found Feoteab's Island Escapes.
 32473 | Shoals:4 | Entered Level 4 of the Shoals
 32520 | Shoals:4 | Reached XP level 18. HP: 156/168 MP: 20/20
 32949 | Shoals:4 | Acquired 924 gold pieces
 33058 | Shoals:4 | Noticed Donald
 33072 | Shoals:4 | Received a gift from Okawaru
 33086 | Shoals:4 | Killed Donald
 33102 | Shoals:4 | Got a translucent granite ring
 33323 | Shoals:4 | Identified the ring "Feabbex" {rElec rF+ rC- Int+2 Stlth+}
                  | (You found it on level 4 of the Shoals)
 33478 | Shoals:4 | Got a translucent spear
 34388 | Shoals:4 | Got a barnacled rune of Zot
 35007 | Snake:1  | Entered Level 1 of the Snake Pit
 35012 | Snake:1  | Received a gift from Okawaru
 35023 | Snake:1  | You are sucked into a shaft and drop 1 floor!
 35802 | Snake:1  | Reached skill level 15 in Dodging
 35886 | Snake:1  | Found Vaplysk's Magic Scroll Boutique.
 35897 | Snake:1  | Bought 2 scrolls of teleportation for 114 gold pieces
 35897 | Snake:1  | Bought a scroll of teleportation for 57 gold pieces
 35986 | Shoals:3 | Bought a scroll of teleportation for 51 gold pieces
 35986 | Shoals:3 | Bought a scroll of teleportation for 51 gold pieces
 35986 | Shoals:3 | Bought a scroll of teleportation for 51 gold pieces
 35986 | Shoals:3 | Bought a scroll of teleportation for 51 gold pieces
 36180 | Snake:1  | Received a gift from Okawaru
 36288 | Snake:1  | Found a one-way gate to the infinite horrors of the Abyss.
 36288 | Snake:1  | Found a corrupted altar of Lugonu.
 36558 | Snake:2  | Noticed Frances
 36568 | Snake:2  | Killed Frances
 37506 | Snake:3  | Found Jushrobocw's Armour Shop.
 37506 | Snake:3  | Found Exycakh's Magic Scroll Boutique.
 37520 | Snake:3  | Reached XP level 19. HP: 152/177 MP: 21/21
 37588 | Snake:3  | Bought a scroll of acquirement for 676 gold pieces
 37595 | Snake:3  | Bought a +1 helmet of see invisible for 330 gold pieces
 37614 | Snake:3  | Acquired 653 gold pieces
 37711 | Snake:3  | Received a gift from Okawaru
 37734 | Snake:3  | Identified a +0 pair of boots of running (Okawaru gifted it
                  | to you on level 3 of the Snake Pit)
 38864 | Snake:4  | Entered Level 4 of the Snake Pit
 39238 | Snake:4  | Received a gift from Okawaru
 39251 | Snake:4  | Got a slimy kite shield {god gift}
 39253 | Snake:4  | Identified the +4 kite shield of the Dungeon {Will+ MP+9
                  | Int-4} (Okawaru gifted it to you on level 4 of the Snake
                  | Pit)
 40296 | Snake:4  | Got a serpentine rune of Zot
 40382 | Snake:4  | Reached XP level 20. HP: 171/187 MP: 22/22
 40442 | Snake:4  | Received a gift from Okawaru
 40451 | Snake:4  | Got translucent swamp dragon scales {god gift}
 40452 | Snake:4  | Identified the +5 swamp dragon scales of the Dragon {rPois
                  | rF+ Dex+4 Stlth+} (Okawaru gifted it to you on level 4 of
                  | the Snake Pit)
 40697 | Snake:3  | Bought a scroll of teleportation for 39 gold pieces
 40697 | Snake:3  | Bought a scroll of teleportation for 39 gold pieces
 40697 | Snake:3  | Bought a scroll of teleportation for 39 gold pieces
 40697 | Snake:3  | Bought a scroll of blinking for 97 gold pieces
 40745 | Snake:1  | Bought 3 scrolls of magic mapping for 199 gold pieces
 40999 | Vaults:1 | Entered Level 1 of the Vaults
 42327 | Vaults:1 | Reached skill level 15 in Armour
 42892 | Vaults:1 | Found Wiolaam's Armour Shoppe.
 43055 | Vaults:2 | Found Soppiora's Assorted Antiques.
 43083 | Vaults:2 | Bought a translucent pewter ring for 225 gold pieces
 43084 | Vaults:2 | Identified the ring "Yximu" {rCorr Str+4 Dex+3} (You bought
                  | it in a shop on level 2 of the Vaults)
 43111 | Vaults:2 | Found a magical portal.
 43126 | WizLab   | Entered The Hall of the Hellbinder
 43591 | WizLab   | Found a burning altar of Makhleb.
 43591 | WizLab   | Noticed Qebbagh
 43613 | WizLab   | Noticed a Brimstone Fiend
 43632 | WizLab   | Killed Qebbagh the Hellbinder
 43632 | WizLab   | Received a gift from Okawaru
 44046 | WizLab   | Identified the Catalogue of Companions
 44425 | Vaults:2 | Received a gift from Okawaru
 45114 | Vaults:2 | Reached XP level 21. HP: 195/195 MP: 23/23
 45545 | Vaults:3 | Cast into level 2 of the Abyss (vault guard)
 45666 | Abyss:2  | Found a radiant altar of Vehumet.
 45700 | Vaults:3 | Escaped the Abyss
 45859 | Vaults:3 | Found Hyxiaj's Jewellery Boutique.
 46132 | Vaults:3 | Found a staircase to the Crypt.
 46132 | Vaults:3 | Found a basalt altar of Yredelemnul.
 46133 | Vaults:3 | Found an ancient bone altar of Kikubaaqudgha.
 46157 | Vaults:3 | Received a gift from Okawaru
 46509 | Vaults:3 | Reached skill level 10 in Shields
 46959 | Vaults:3 | Found a huge runed gate.
 46959 | Vaults:3 | Found a huge runed gate.
 46961 | Vaults:3 | Found a huge runed gate.
 46961 | Vaults:3 | Found a huge runed gate.
 46961 | Vaults:3 | Found a huge runed gate.
 46961 | Vaults:3 | Found a huge runed gate.
 46961 | Vaults:3 | Found a huge runed gate.
 46961 | Vaults:3 | Found a huge runed gate.
 46961 | Vaults:3 | Found a huge runed gate.
 46961 | Vaults:3 | Found a huge runed gate.
 46961 | Vaults:3 | Found a huge runed gate.
 46961 | Vaults:3 | Found a huge runed gate.
 46961 | Vaults:3 | Found a huge runed gate.
 46967 | Vaults:3 | Found a huge runed gate.
 46968 | Vaults:3 | Found a huge runed gate.
 46969 | Vaults:3 | Found a huge runed gate.
 46970 | Vaults:3 | Found a huge runed gate.
 46971 | Vaults:3 | Found a huge runed gate.
 46979 | Vaults:3 | Found a huge runed gate.
 46979 | Vaults:3 | Found a huge runed gate.
 46979 | Vaults:3 | Found a huge runed gate.
 46979 | Vaults:3 | Found a huge runed gate.
 46979 | Vaults:3 | Found a huge runed gate.
 46979 | Vaults:3 | Found a huge runed gate.
 46979 | Vaults:3 | Found a huge runed gate.
 46980 | Vaults:3 | Found a huge runed gate.
 46981 | Vaults:3 | Found a huge runed gate.
 46989 | Vaults:3 | Found a huge runed gate.
 46989 | Vaults:3 | Found a huge runed gate.
 46989 | Vaults:3 | Found a huge runed gate.
 46989 | Vaults:3 | Found a huge runed gate.
 46989 | Vaults:3 | Found a huge runed gate.
 46989 | Vaults:3 | Found a huge runed gate.
 46989 | Vaults:3 | Found a huge runed gate.
 46990 | Vaults:3 | Found a huge runed gate.
 46997 | Vaults:3 | Found a huge runed gate.
 47239 | Vaults:3 | Received a gift from Okawaru
 47248 | Vaults:3 | Got a glimmering ring mail {god gift}
 47249 | Vaults:3 | Identified the +4 ring mail of Kleptomania {-Cast rC+
                  | Regen+} (Okawaru gifted it to you on level 3 of the Vaults)
 47572 | Vaults:3 | Got a pair of transparent boots
 47575 | Vaults:3 | Got a diamond-encrusted chain mail
 47939 | Vaults:3 | Identified the +0 chain mail of Pan-Flutes {Regen+} (You
                  | found it on level 3 of the Vaults)
 47940 | Vaults:3 | Identified the -4 pair of boots "Luall" {Regen+ Str+2
                  | Int+4} (You found it on level 3 of the Vaults)
 48074 | Vaults:4 | Paralysed by a great orb of eyes for 7 turns
 48124 | Vaults:4 | Reached XP level 22. HP: 174/206 MP: 21/24
 48310 | Vaults:4 | Found a ruined gateway.
 48319 | Desolati | Entered the Desolation of Salt
 48692 | Desolati | Identified the +2 ring mail of Negligence {rCorr}
 48732 | Desolati | Found the +7 lajatang of Order {silver, rMut}
 49125 | Desolati | HP: 6/206 [imperial myrmidon/+0 scimitar (33)]
 49127 | Desolati | Identified the +2 flail of Massacring {drain, rPois rF+
                  | Str+3 Int+4}
 49596 | Desolati | Identified the cursed +0 flail of Action {drain, rElec
                  | rF+++ Will- Dex-4}
 49662 | Desolati | Got a faintly glowing cloak
 49670 | Desolati | Identified the Grimoire of Ensnaring Moulding
 49672 | Desolati | Identified the +3 cloak of the Doldrums {-Tele Int+3
                  | Stlth+} (You found it in the Desolation of Salt)
 50019 | Desolati | Received a gift from Okawaru
 50031 | Desolati | Got a slimy plate armour {god gift}
 50032 | Desolati | Identified the +10 plate armour "Belafesyag" {Will- Dex+7}
                  | (Okawaru gifted it to you in the Desolation of Salt)
 51821 | Vaults:5 | Entered Level 5 of the Vaults
 52432 | Vaults:5 | Reached XP level 23. HP: 154/215 MP: 18/25
 52439 | Vaults:5 | Received a gift from Okawaru
 52557 | Vaults:5 | Cast into level 2 of the Abyss (a deep elf sorcerer)
 52593 | Vaults:5 | Escaped the Abyss
 52830 | Vaults:5 | Found Qut Edgh's Assorted Antiques.
 52841 | Vaults:5 | Identified the Compendium of Activism
 52937 | Vaults:5 | Received a gift from Okawaru
 53808 | Vaults:5 | Received a gift from Okawaru
 54018 | Vaults:5 | Got a silver rune of Zot
 54452 | Vaults:5 | Noticed a golden dragon
 54465 | Vaults:5 | Killed a golden dragon
 54654 | Vaults:5 | Identified the +7 dagger "Baos" {flame, rPois}
 54654 | Vaults:5 | Noticed an ancient lich
 54675 | Vaults:5 | Killed an ancient lich
 55291 | Vaults:5 | Reached XP level 24. HP: 172/226 MP: 25/25
 56022 | Elf:1    | Entered Level 1 of the Elven Halls
 56063 | Elf:1    | Found Bieh's Book Shop.
 56610 | Elf:1    | Received a gift from Okawaru
 57144 | Elf:2    | Found a runed translucent door.
 57167 | Elf:2    | Found a runed translucent door.
 57227 | Elf:2    | Found a roughly hewn altar of Beogh.
 57339 | Elf:2    | Found Ysteimp's Armour Boutique.
 57397 | Elf:2    | Received a gift from Okawaru
 57750 | Elf:2    | Noticed Nikola
 57772 | Elf:2    | Killed Nikola
 57901 | Elf:3    | Entered Level 3 of the Elven Halls
 58044 | Elf:3    | Noticed Roxanne
 58060 | Elf:3    | Killed Roxanne
 58416 | Elf:3    | Identified the +7 whip of the Scorching Oracle {vorpal,
                  | *Corrode rF+ rC+ Stlth+}
 58423 | Elf:3    | Killed from afar by a hellion

Illustrated notes

Levels and vault maps discovered:
D:1:      lightli_arrival_statue_moat, layout_basic
D:2:      layout_basic, grunt_ministairs_4
D:3:      cheibrodos_thug_alley, layout_loops_cross, marbit_many_paths
D:4:      layout_cave_pools, grunt_temple_overflow_open, portal_sewer_entry_f,
          led_xom_imps, uniq_crazy_yiuf_cottage, uniq_pikel
D:5:      layout_basic, nemelex_xobeh_ov_fountains_minmay,
          gammafunk_temple_overflow_claw, nicolae_dithmenos_shadow_blocks,
          tso_altar, uniq_prince_ribbit1, uniq_ijyb, uniq_edmund
D:6:      layout_rooms, gammafunk_ghost_nasty_kobolds
D:7:      layout_basic, kennysheep_mini, minmay_temple_entry_crystal_x
D:8:      layout_layer_cave, dpeg_oklobed_lair
D:9:      cheibrodos_grave_circle, layout_basic, led_sif_book, uniq_maggie
D:10:     layout_big_octagon, nicolae_trove_entry_isolated, serial_column_ruins,
          column_ruins_square_medium, column_ruins_grid_1,
          column_ruins_columns_straight, column_ruins_grid_4,
          column_ruins_open_tiny, column_ruins_grid_1, column_ruins_open_large
D:11:     layout_cave_pods, david_orc_5, basic_altar
D:12:     minmay_blocky_corners, layout_basic,
          minmay_guarded_unrand_skullcrusher
D:13:     layout_cave_pools, erik_vaults_2, serial_shops, shop,
          grunt_decor_fettered
D:14:     layout_small_grid, serial_shops, shop_fountains,
          hangedman_weighted_door
D:15:     gammafunk_depths_entry_grave, layout_rooms, minmay_splitting_lines,
          serial_undead, serial_undead_e, serial_undead_b, serial_undead_e,
          serial_undead_b, minmay_misc_feat_roman, nrook_mini_backslash
Temple:   minmay_temple_forest_path
Lair:1:   layout_regular_city, grunt_megastairs_2, uniq_sonja
Lair:2:   layout_cave_pods
Lair:3:   layout_layer_cave, minmay_shoals_entry_lonely_mermaid,
          minmay_snake_entry_guardpost_small, lemuel_fruit_tree,
          infiniplex_staircase_pool
Lair:4:   layout_cellular_growth, portal_ice_cave_entry_ice_beasts,
          minivault_19, minmay_shattered_shrine, grunt_megastairs_5
Lair:5:   layout_regular_city, slime_altar_1, gauntlet_entry_generic,
          ebering_ghost_xom, beast_lair_carwin_3, grunt_megastairs_3,
          serial_bayou_shore_a
Lair:6:   evil_forest, layout_gridlike, kennysheep_abandoned_house
Shoals:1: layout_shoals, lightli_airlock, uniq_louise
Shoals:2: layout_shoals, nicolae_shoals_loop_pool
Shoals:3: layout_shoals, nicolae_island_escapes
Shoals:4: shoals_end_simple, layout_shoals, uniq_donald
Snake:1:  layout_gridlike, serial_shops, shop, amcnicky_altar_lugonu_corruption
Snake:2:  layout_honeycomb, uniq_frances
Snake:3:  nrook_guardian_serpent_snake_passage, layout_onion, st_stairs_6,
          grunt_ministairs_15, serial_bayou_lagoon_a,
          nicolae_snake_salamander_stairs, minmay_shoptagon
Snake:4:  grunt_snake_rune_pools, layout_misc_corridors, grunt_megastairs_4
Orc:1:    layout_caves, serial_shops, shop, shop, shop,
          nicolae_shop_behind_doors, nicolae_shop_overgrown_old_shop, rock_pile,
          uniq_jorgrun
Orc:2:    pf_orc_diabolical, layout_caves, serial_shops, shop, special_room,
          uniq_saint_roka
Elf:1:    layout_gridlike, serial_shops, nicolae_shop_trees, minivault_28
Elf:2:    layout_geoelf_octagon, serial_shops, nicolae_shop_waterfront,
          special_room [special_room_orc], drop_trap, uniq_nikola
Elf:3:    minmay_elf_hall_curves, layout_geoelf_castle, elves_outpost_lemuel,
          uniq_roxanne
Vaults:1: hangedman_vaults_corner, vaults_dpeg_cross, vaults_dpeg_hooks,
          grunt_vaults_bifocal, vaults_room_semicircle, v_misc_27,
          nicolae_vaults_three_branches, vaults_room_grunt_arrival_ludios,
          hangedman_vaults_trim, nicolae_vaults_asterisk,
          layout_vaults_omnigrid, serial_shops, shop
Vaults:2: nicolae_vaults_little_squares_4, st_squares, vaults_mumra_minichess,
          v_misc_11, v_misc_2, hangedman_vaults_stream, ontoclasm_vaults_chip,
          ontoclasm_vaults_twist, layout_vaults_big_room,
          infiniplex_enter_wizlab_water, serial_shops, shop
Vaults:3: ontoclasm_vaults_bender, grunt_vaults_swirl, nicolae_vaults_triangles,
          hangedman_vaults_impose, minmay_crypt_entry_necro_gods,
          nicolae_vaults_network_periphery, vaults_door_vault,
          vaults_mumra_minichess_inversion, layout_vaults_big_cross,
          serial_shops, nicolae_shop_waterfront
Vaults:4: v_misc_17, vaults_room_pool, v_rooms_5, v_misc_24,
          hangedman_vaults_capsules, nicolae_vaults_windows_and_doors_thing,
          v_misc_5, v_misc_25, v_misc_19, nicolae_vaults_asterisk, v_misc_10,
          nicolae_vaults_mini_display_case, grunt_vaults_hallway_short,
          ontoclasm_vaults_ring_square, layout_vaults_omnibox,
          portal_desolation_entry_garden
Vaults:5: serial_shops

Skill      XL: |  1  2  3  4  5  6  7  8  9 10 11 12 13 14 15 16 17 18 19 20 21 22 23 24 |
---------------+-------------------------------------------------------------------------+-----
Dodging        | 3 4 5 6 7 8 9 10 11 12 13 14 15 16 17 18 | 18.5
Unarmed Combat | 4 5 7 9 10 11 12 13 14 15 16 17 18 19 20 21 | 21.9
Fighting       | 3 5 6 7 8 9 11 12 13 14 15 16 17 18 19 20 21 | 21.2
Shields        | 2 4 5 7 9 10 11 12 13 | 13.3
Armour         | 2 4 5 7 9 10 11 12 13 14 15 16 17 | 17.7
Invocations    | 1 4 5 |  5.0
Long Blades    | |  0.4
Throwing       | |  1.7

Action                   |  1- 3 |  4- 6 |  7- 9 | 10-12 | 13-15 | 16-18 | 19-21 | 22-24 || total
-------------------------+-------+-------+-------+-------+-------+-------+-------+-------++-------
Melee: Unarmed           |   124 |   195 |   385 |   772 |  1336 |  1684 |  1615 |  1501 ||  7612
       Punch             |       |     5 |    12 |       |       |       |       |       ||    17
       Great sword       |       |       |       |    13 |       |       |       |       ||    13
Throw: Throwing net      |     1 |     3 |     2 |     5 |       |       |       |       ||    11
Invok: Heroism           |       |       |       |    16 |    24 |    22 |    18 |    15 ||    95
       Finesse           |       |       |       |       |       |       |     1 |       ||     1
Evoke: Wand              |       |       |       |     2 |     9 |     1 |       |       ||    12
  Use: Scroll            |     1 |     4 |     9 |     2 |    19 |    17 |    19 |     8 ||    79
       Potion            |       |     2 |     5 |     2 |       |     3 |    16 |     8 ||    36
 Stab: Sleeping          |     1 |       |     3 |     2 |     3 |       |       |       ||     9
       Distracted        |     1 |       |       |     1 |       |       |       |       ||     2
       Held in net/web   |       |     3 |     1 |     6 |       |       |       |       ||    10
       Paralysed         |       |       |       |       |     1 |       |       |       ||     1
       Invisible         |       |       |       |       |       |    15 |     6 |     2 ||    23
Armor: Leather armour    |    18 |    52 |    50 |    10 |       |       |       |       ||   130
       Steam dragon scal |       |       |       |    96 |    87 |       |       |       ||   183
       Plate armour      |       |       |       |       |   302 |   658 |   744 |   454 ||  2158
Dodge: Dodged            |    77 |   174 |   283 |   690 |  1068 |  1403 |  1074 |   694 ||  5463
       Repelled          |       |       |       |       |       |    12 |       |       ||    12
Block: Buckler           |       |       |    33 |   211 |   369 |   503 |       |       ||  1116
       Kite shield       |       |       |       |       |       |    47 |  1102 |   830 ||  1979
       Reflection        |       |       |       |       |       |     8 |    92 |    54 ||   154
       Rpst.: Great sword |       |       |       |     4 |       |       |       |       ||     4
